 Dungeon Crawl Stone Soup version 0.22-a0-265-g0d8bc90 (webtiles) character file.

5632 varam the Destroyer (level 10, -2/59 HPs)
             Began as a Tengu Fire Elementalist on Mar 6, 2018.
             Was an Initiate of Gozag.
             Slain by a hippogriff (6 damage)
             ... on level 9 of the Dungeon.
             The game lasted 00:44:24 (8946 turns).

varam the Destroyer (Tengu Fire Elementalist)       Turns: 8946, Time: 00:44:25

Health: -2/59      AC:  2    Str:  9    XL:     10   Next: 74%
Magic:  19/19      EV: 16    Int: 18    God:    Gozag
Gold:   1350       SH:  0    Dex: 15    Spells: 6/19 levels left

rFire    + + .     SeeInvis +   e - +2 dagger (drain)
rCold    . . .     Gourm    .   (no shield)
rNeg     . . .     Faith    .   a - +0 robe
rPois    .         Spirit   .   (helmet restricted)
rElec    .         Reflect  .   s - scarf {rC+ rF+}
rCorr    .         Harm     .   (no gloves)
MR       .....                  (boots unavailable)
Stlth    +++.......             l - amulet of regeneration
HPRegen  0.59/turn              f - ring of see invisible
MPRegen  0.16/turn              B - ring of fire

@: no status effects
A: beak, talons 3, able to fly 1
a: Fly, Potion Petition, Call Merchant, Bribe Branch, Renounce Religion


You were on level 9 of the Dungeon.
You worshipped Gozag.
Gozag was most pleased with you.
You were not hungry.

You visited 1 branch of the dungeon, and saw 10 of its levels.
You also visited: Sewer.

You collected 1851 gold pieces.
You spent 110 gold pieces at shops.
You paid 391 gold pieces to Gozag.

Inventory:

Hand Weapons
 e - a +2 dagger of draining (weapon)
 i - a +0 short sword of venom
 k - a +1 dagger of speed
 C - a +0 rapier
Missiles
 z - a throwing net (quivered)
Armour
 a - a +0 robe (worn)
 s - a scarf of resistance (worn)
Jewellery
 f - a ring of see invisible (left hand)
 l - an amulet of regeneration (around neck)
 u - an uncursed ring of ice
 v - an uncursed amulet of magic regeneration
 B - a ring of fire (right hand)
Wands
 x - a wand of polymorph (12)
 A - a wand of clouds (6)
 G - a wand of acid (1)
 J - a wand of digging (5)
 K - a wand of disintegration (15)
Scrolls
 d - 5 scrolls of remove curse
 m - 3 scrolls of enchant armour
 n - 3 scrolls of magic mapping
 o - 7 scrolls of teleportation
 p - 5 scrolls of enchant weapon
 q - 4 scrolls of amnesia
 t - 2 scrolls of blinking
 w - 2 scrolls of fear
 y - 2 scrolls of immolation
 E - 3 scrolls of identify
 H - a scroll of summoning {unknown}
 I - a scroll of silence {unknown}
Potions
 b - 3 potions of resistance
 g - a potion of flight
 h - 3 potions of might
 j - 3 potions of curing
 r - a potion of haste
 D - a potion of mutation {unknown}
 F - a potion of heal wounds {unknown}
 L - a potion of lignification {unknown}
Comestibles
 c - 6 rations


   Skills:
 + Level 5.2 Fighting
 + Level 5.2 Short Blades
 + Level 6.4 Dodging
 + Level 4.1 Stealth
 + Level 5.4 Spellcasting
 + Level 10.2 Conjurations
 + Level 9.1 Fire Magic


You had 6 spell levels left.
You knew the following spells:

 Your Spells              Type           Power        Failure   Level  Hunger
a - Flame Tongue          Conj/Fire      #####        1%          1    None
b - Conjure Flame         Conj/Fire      ######..     1%          3    ##.....
c - Sticky Flame          Conj/Fire      ######..     2%          4    ####...
d - Fireball              Conj/Fire      ######....   6%          5    ######.


Dungeon Overview and Level Annotations

Branches:
Dungeon (10/15)            Temple (0/1) D:6
   Lair: D:8-11         Orc: D:9-12

Altars:
Ashenzari
Dithmenos
Elyvilon
Gozag
Kikubaaqudgha
Makhleb
Sif Muna
Trog
Vehumet
Wu Jian
Xom
Yredelemnul
Zin

Shops:
D:2 *   D:6 !

Annotations:
D:2 Ijyb
D:8 Grum
D:9 Erica


Innate Abilities, Weirdness & Mutations

You have a beak for a mouth.
You have claws for feet.
You can fly.


Message History

You drain the hippogriff! Your kick misses the hippogriff.
The hippogriff is almost dead.
The hippogriff bites you. The hippogriff barely misses you.
The hippogriff claws you but does no damage.
You barely miss the hippogriff.
You claw the hippogriff, but do no damage.
The hippogriff is almost dead.
The hippogriff bites you.
* * * LOW HITPOINT WARNING * * *
The hippogriff pecks you.
* * * LOW HITPOINT WARNING * * *
The hippogriff claws you.
* * * LOW HITPOINT WARNING * * *
You completely miss the hippogriff. Your peck misses the hippogriff.
The hippogriff is almost dead.
The hippogriff bites you.
* * * LOW HITPOINT WARNING * * *
The hippogriff misses you. The hippogriff claws you.
You die...
Your body crumbles into a pile of gold.

...## ....## ######### #
.....# #.......# ..
.....#####.......##.#
.................... .H...
....#####........# ....
...######........## ...
##.#..............# #..
##.@.#####.....H@.### ..
...#### #.........)##.# ####
.#.#.. ##########..#.#....#
.#.#.# .....###........#
.#.#.## #.......#....#
.#....#############.........#
......##..............##....#
................##..#.# ....#
#.#..#..........#..#..# ...#


You could see a hippogriff.

Vanquished Creatures
  Prince Ribbit (D:8)
  2 hippogriffs
  A golden eye (D:8)
  Duvessa (D:6)
  A hornet zombie (D:8)
  An ice beast (D:8)
  3 orc warriors
  2 black bears
  2 sky beasts (D:8)
  5 phantoms
  A necrophage (D:7)
  A wolf (D:7)
  6 ogres
  5 centaurs
  A crocodile (D:10)
  A big kobold (D:10)
  5 bullfrogs
  A gnoll sergeant (D:5)
  Dowan (D:6)
  5 scorpions
  4 howler monkeys
  5 crimson imps
  3 bullfrog zombies
  4 jellies
  A centaur skeleton (D:8)
  7 orc priests
  3 hounds
  6 orc wizards
  A bullfrog skeleton (D:8)
  Natasha (thrice) (D:4)
  6 iguanas
  5 worker ants
  3 gnolls (D:5)
  13 adders
  An ooze (D:1)
  5 adder skeletons
  3 worms
  13 leopard geckos
  34 orcs
  7 bats
  18 giant cockroaches
  6 goblins
  7 hobgoblins
  2 jackals (D:5)
  2 quokkas
  9 frilled lizards
  14 kobolds
  A quokka skeleton (D:5)
  12 rats
244 creatures vanquished.

Vanquished Creatures (others)
  An orc (D:8)
1 creature vanquished.

Grand Total: 245 creatures vanquished

Notes
Turn   | Place    | Note
-------+----------+-------------------------------------------
     0 | D:1      | varam the Tengu Fire Elementalist began the quest for the Orb.
     0 | D:1      | Reached XP level 1. HP: 10/10 MP: 4/4
   127 | D:1      | Reached XP level 2. HP: 15/15 MP: 4/6
   170 | D:1      | Reached skill level 2 in Conjurations
   371 | D:1      | Reached XP level 3. HP: 19/19 MP: 4/7
   737 | D:2      | Reached skill level 3 in Conjurations
   737 | D:2      | Reached skill level 4 in Fire Magic
   742 | D:2      | Learned a level 3 spell: Conjure Flame
   848 | D:2      | Found an opulent altar of Gozag.
   852 | D:2      | Found Gozag's Platinum Reserve.
   884 | D:2      | Became a worshipper of Gozag Ym Sagoz the Greedy
   993 | D:2      | Reached XP level 4. HP: 24/24 MP: 5/8
  1454 | D:3      | Noticed Ijyb
  1736 | D:3      | Reached skill level 4 in Conjurations
  1815 | D:3      | Found a glowing silver altar of Zin.
  2118 | D:4      | Noticed a centaur
  2160 | D:4      | Reached skill level 1 in Short Blades
  2160 | D:4      | Gained mutation: You can fly. [Tengu growth]
  2160 | D:4      | Reached XP level 5. HP: 12/28 MP: 4/9
  2170 | D:4      | Noticed an ogre
  2223 | D:4      | Reached skill level 2 in Short Blades
  2223 | D:4      | Reached skill level 5 in Fire Magic
  2232 | D:4      | Learned a level 4 spell: Sticky Flame
  2241 | D:4      | Found a glowing drain.
  2250 | Sewer    | Entered a sewer
  2282 | Sewer    | Reached XP level 6. HP: 30/32 MP: 10/10
  2450 | Sewer    | Reached skill level 5 in Conjurations
  2518 | Sewer    | Reached skill level 3 in Short Blades
  2675 | D:4      | Reached XP level 7. HP: 32/36 MP: 7/11
  2754 | D:4      | Found a shattered altar of Ashenzari.
  2930 | D:4      | Noticed Natasha
  3219 | D:4      | Killed Natasha
  3219 | D:4      | Reached skill level 6 in Conjurations
  3316 | D:4      | Reached skill level 6 in Fire Magic
  3354 | D:4      | Found a shimmering altar of Xom.
  3410 | D:5      | Entered Level 5 of the Dungeon
  3419 | D:4      | Reached skill level 4 in Short Blades
  3486 | D:4      | Noticed Natasha
  3497 | D:4      | Killed Natasha
  3520 | D:5      | Found a radiant altar of Vehumet.
  3623 | D:4      | Noticed Natasha
  3628 | D:4      | Killed Natasha
  3753 | D:5      | Reached skill level 7 in Conjurations
  3753 | D:5      | Reached XP level 8. HP: 32/41 MP: 6/12
  3891 | D:5      | Found an ancient bone altar of Kikubaaqudgha.
  3901 | D:5      | Found a deep blue altar of Sif Muna.
  3906 | D:5      | Identified Kikubaaqudgha's Papyrus of Black Arts
  3992 | D:6      | Reached skill level 7 in Fire Magic
  4003 | D:6      | Found a glowing silver altar of Zin.
  4111 | D:6      | Reached skill level 1 in Fighting
  4211 | D:6      | Reached skill level 3 in Dodging
  4361 | D:5      | Reached skill level 2 in Fighting
  4361 | D:5      | Reached skill level 3 in Spellcasting
  4361 | D:5      | Reached skill level 8 in Conjurations
  4524 | D:5      | Reached XP level 9. HP: 46/49 MP: 2/14
  4622 | D:5      | Learned a level 5 spell: Fireball
  4736 | D:6      | Reached skill level 4 in Dodging
  4871 | D:6      | Noticed Dowan
  4891 | D:6      | Killed Dowan
  4891 | D:6      | Reached skill level 3 in Fighting
  4904 | D:6      | Noticed Duvessa
  4949 | D:6      | Found Womaqam's Distillery.
  4957 | D:6      | Bought a potion of haste for 110 gold pieces
  5364 | D:7      | Reached skill level 8 in Fire Magic
  5576 | D:7      | Reached skill level 4 in Spellcasting
  5580 | D:7      | Found an ornate altar of the Wu Jian Council.
  5639 | D:7      | Found a white marble altar of Elyvilon.
  5767 | D:6      | Found a shadowy altar of Dithmenos.
  5794 | D:6      | Reached skill level 9 in Conjurations
  5907 | D:6      | Found a staircase to the Ecumenical Temple.
  6014 | D:6      | Killed Duvessa
  6166 | D:6      | Reached skill level 5 in Dodging
  6535 | D:8      | Found a burning altar of Makhleb.
  6546 | D:8      | Reached skill level 4 in Fighting
  6724 | D:8      | Noticed Maurice
  6724 | D:8      | Reached XP level 10. HP: 26/57 MP: 1/17
  6752 | D:8      | HP: 2/57 [acid (13)]
  6761 | D:8      | Noticed Maurice
  6761 | D:8      | Maurice changed into Maurice the golden eye
  6790 | D:8      | Killed Maurice the golden eye
  6898 | D:8      | Noticed Prince Ribbit
  6903 | D:8      | Killed Prince Ribbit
  6903 | D:8      | Reached skill level 3 in Stealth
  7207 | D:8      | Found a basalt altar of Yredelemnul.
  7208 | D:8      | Found a bloodstained altar of Trog.
  7245 | D:8      | Noticed Grum
  7715 | D:9      | Reached skill level 5 in Spellcasting
  7817 | D:8      | Reached skill level 6 in Dodging
  8017 | D:9      | Reached skill level 10 in Conjurations
  8017 | D:9      | Reached skill level 9 in Fire Magic
  8229 | D:9      | Reached skill level 5 in Fighting
  8268 | D:9      | Reached skill level 5 in Short Blades
  8286 | D:9      | Noticed Erica
  8340 | D:10     | Entered Level 10 of the Dungeon
  8517 | D:10     | Reached skill level 4 in Stealth
  8946 | D:9      | HP: 4/59 [hippogriff (4)]
  8946 | D:9      | Slain by a hippogriff

Vault maps used:
D:1:      lemuel_arrival_cross, amethyst_killhole
D:2:      nicolae_gozag_zags_fifth_avenue
D:3:      kennysheep_flooded_box, minmay_close_crescents, uniq_ijyb
D:4:      old_standard_altar, ashenzari_altar_1, portal_sewer_entry_f,
          uniq_natasha
D:5:      grunt_temple_overflow_magic_moments, first_ration
D:6:      grunt_dithmenos_shadows, marbit_many_paths, lemuel_temple_firewalk_b,
          serial_shops, nicolae_shop_crystal, uniq_duvessa
D:7:      lemuel_round_altar, nicolae_overflow_crystal_walls, grunt_ogre_cave
D:8:      lemuel_crystal_altar, gammafunk_temple_overflow_pools, uniq_maurice,
          uniq_grum, uniq_prince_ribbit1
D:9:      hiddenorc1_lemuel, okawaru_metal_pillars_1_2, uniq_erica
D:10:     hangedman_decor_slide_cut, xom_teletrap_fun
Sewer:    sewer_frog_island_01

Skill      XL: |  1  2  3  4  5  6  7  8  9 10 |
---------------+-------------------------------+-----
Conjurations   | 2 3 4 5 7 8 9 10 | 10.2
Fire Magic     | 4 5 6 7 8 9 |  9.1
Short Blades   | 1 2 3 4 5 |  5.2
Fighting       | 2 4 5 |  5.2
Dodging        | 3 5 6 |  6.4
Spellcasting   | 3 4 5 |  5.4
Stealth        | 4 |  4.1

Action                   |  1- 3 |  4- 6 |  7- 9 | 10-12 || total
-------------------------+-------+-------+-------+-------++-------
Melee: Dagger            |    33 |    65 |   146 |   139 ||   383
       Peck              |     3 |     1 |    22 |    15 ||    41
       Kick              |     4 |    15 |    35 |    33 ||    87
       Short sword       |       |       |    28 |     6 ||    34
 Cast: Flame Tongue      |    32 |    57 |   148 |    78 ||   315
       Conjure Flame     |       |     1 |     3 |     2 ||     6
       Sticky Flame      |       |       |    32 |    22 ||    54
       Fireball          |       |       |     2 |     5 ||     7
Invok: Potion Petition   |       |     1 |       |     1 ||     2
Evoke: Wand              |       |       |       |     2 ||     2
  Use: Scroll            |       |     9 |     9 |       ||    18
       Potion            |       |       |       |     2 ||     2
 Stab: Sleeping          |     5 |     3 |     3 |       ||    11
       Distracted        |       |       |       |     2 ||     2
  Eat: Chunk             |     1 |       |       |       ||     1
       Ration            |       |     2 |     6 |     4 ||    12
Armor: Robe              |     3 |    19 |    17 |    10 ||    49
Dodge: Dodged            |    30 |    76 |   142 |   108 ||   356

Table legend:
 A = Spawn XP
 B = Non-spawn XP
 C = Spawn XP percentage of total XP
 D = Spawn monster count
 E = Non-spawn monster count
 F = Spawn count percentage of total count
 G = Total turns spent on level
                    A         B        C        D         E        F      G
               +---------+---------+-------+---------+---------+-------+---------
         Total |       0 |    8047 |   0.0 |       0 |     244 |   0.0 |  8946
               +---------+---------+-------+---------+---------+-------+---------
           D:1 |       0 |      45 |   0.0 |       0 |      25 |   0.0 |   712
           D:2 |       0 |      76 |   0.0 |       0 |      15 |   0.0 |   827
           D:3 |       0 |      39 |   0.0 |       0 |      23 |   0.0 |   601
           D:4 |       0 |     688 |   0.0 |       0 |      23 |   0.0 |  1258
           D:5 |       0 |     939 |   0.0 |       0 |      29 |   0.0 |   636
           D:6 |       0 |    1191 |   0.0 |       0 |      21 |   0.0 |  1158
           D:7 |       0 |     820 |   0.0 |       0 |      16 |   0.0 |   883
           D:8 |       0 |    1957 |   0.0 |       0 |      27 |   0.0 |  1440
           D:9 |       0 |    1382 |   0.0 |       0 |      33 |   0.0 |   511
          D:10 |       0 |     674 |   0.0 |       0 |      13 |   0.0 |   579
         Sewer |       0 |     236 |   0.0 |       0 |      19 |   0.0 |   341
               +---------+---------+-------+---------+---------+-------+---------
